 Dungeon Crawl Stone Soup version 0.30.0-29-ga12c61a403 (webtiles) character file.

Game seed: 13138437238640795952

428 cdecastro the Trooper (level 6, 0/58 HPs)
             Began as a Ghoul Fighter on June 19, 2023.
             Was an Initiate of Nemelex Xobeh.
             Slain by Eustachio the blink frog (5 damage)
             ... on level 4 of the Dungeon on June 20, 2023.
             The game lasted 00:07:34 (3843 turns).

cdecastro the Trooper (Ghoul Fighter)               Turns: 3843, Time: 00:07:34

Health: 0/58       AC: 15    Str: 22    XL:     6   Next: 98%
Magic:  5/5        EV:  6    Int:  3    God:    Nemelex Xobeh [......]
Gold:   297        SH:  4    Dex: 14    Spells: 5/5 levels left

rFire   . .          .
                       - Unarmed
rCold   + . .        b - +0 buckler
rNeg    + + +        k - +0 plate armour
rPois   ∞            n - +0 helmet
rElec   .            (no cloak)
rCorr   .            i - +1 pair of gloves
SInv    .            d - +0 pair of boots
Will    .....        o - amulet of faith Stlth
                     h - ring of wizardry
HPRegen 0.00/turn    u - +6 ring of dexterity
MPRegen 0.09/turn

%: faith, wizardry (x1)
@: inhibited regen
A: claws 1, cold resistance 1, negative energy resistance 3, inhibited
regeneration, torment resistance 2, devour on kill
a: Renounce Religion, Draw Escape, Draw Destruction, Draw Summoning


You were on level 4 of the Dungeon.
You worshipped Nemelex Xobeh.
Nemelex Xobeh was noncommittal.
You visited 2 branches of the dungeon, and saw 6 of its levels.

You collected 297 gold pieces.

Inventory:

Armour
 b - a +0 buckler (worn)
 d - a +0 pair of boots (worn)
 i - a +1 pair of gloves (worn)
 k - a +0 plate armour (worn)
 n - a +0 helmet (worn)
Jewellery
 h - a ring of wizardry (left hand)
 o - an amulet of faith (around neck)
 t - an amulet of reflection
 u - a +6 ring of dexterity (right hand)
Wands
 a - a wand of polymorph (12)
Scrolls
 f - 4 scrolls of identify {unknown}
 l - a scroll of teleportation {unknown}
 m - 2 scrolls of poison {unknown}
 p - 2 scrolls of enchant armour {unknown}
 q - a scroll of noise {unknown}
 r - 2 scrolls of vulnerability {unknown}
 s - a scroll of magic mapping {unknown}
Potions
 c - 2 potions of might
 e - 4 potions of curing {unknown}
 g - 2 potions of lignification {unknown}
 j - a potion of berserk rage {unknown}


   Skills:
 + Level 6.3 Fighting
 - Level 2.6 Armour
 - Level 2.6 Shields
 + Level 5.7 Unarmed Combat


You had 5 spell levels left.
You didn't know any spells.
Your spell library contained the following spells:

 Spells                   Type           Power      Damage    Failure   Level
 Freeze                   Ice            0%         1d3       99%         1
 Necrotise                Necr           0%         1d4       99%         1
 Frozen Ramparts          Ice            0%         1d1       100%        3
 Hailstorm                Conj/Ice       0%         3d3       100%        3
 Vampiric Draining        Necr           0%         2d6       100%        3
 Agony                    Necr           0%         N/A       100%        5


Dungeon Overview and Level Annotations

Branches:
Dungeon (5/15)             Temple (1/1) D:4

Altars:
Dithmenos
Fedhas
Nemelex Xobeh
Qazlal
Ru
Trog
Vehumet
Xom
Yredelemnul

Annotations:
D:4 Eustachio


Innate Abilities, Weirdness & Mutations

You are immune to poison.
You have sharp fingernails.
Your flesh is cold resistant. (rC+)
You are immune to negative energy. (rN+++)
You do not regenerate when monsters are visible.
You are immune to unholy pain and torment.
You thrive by killing the living.


Message History

You completely miss Eustachio.
Eustachio is heavily wounded.
Eustachio blinks!
You punch Eustachio!
Eustachio is severely wounded.
Eustachio hits you.
You completely miss Eustachio.
Eustachio is severely wounded.
Eustachio hits you!
* * * LOW HITPOINT WARNING * * *
Eustachio blinks!
Eustachio hits you!
* * * LOW HITPOINT WARNING * * *
You hit Eustachio.
Eustachio is almost dead.
Eustachio hits you but does no damage. Eustachio barely misses you.
You closely miss Eustachio.
Eustachio is almost dead.
Eustachio hits you.
* * * LOW HITPOINT WARNING * * *
You closely miss Eustachio.
Eustachio is almost dead.
Eustachio blinks!
Okay, then.
Unknown command.
Unknown command.
Eustachio blinks!
You closely miss Eustachio.
Eustachio is almost dead.
Eustachio blinks!
Eustachio blinks!
You barely miss Eustachio.
Eustachio is almost dead.
Eustachio hits you.
* * * LOW HITPOINT WARNING * * *
You barely miss Eustachio.
Eustachio is almost dead.
Eustachio hits you.
You die...
Your body disappears without a glow.

#..##..# #............
#..#.#.#######........
#(..###...........#...
#..#.#.#########...###
#..##..# ##.#.#.## #..###.#
##.##.##.# #####
#...##.######.###.###.
#...####.>..............<....
#...........@F##...#..##.###.
#...######.###........##.##.#
##.## #.# #...........#.##
#.# #.# #.......##...## #.#
#.###.....####.### #.#
##.##.#....# ##.#### #.#
#..........# #...).# #.#
##.##..)..####.###.# #.#
###......>[...# #.#


You could see Eustachio the blink frog.

Vanquished Creatures
  A phantom (D:4)
  2 scorpions (D:4)
  A howler monkey (D:4)
  A hound (D:4)
  An iguana (D:4)
  4 adders
  An ufetubus (D:4)
  2 dart slugs
  7 orcs
  6 ball pythons
  7 bats
  13 endoplasms
  6 giant cockroaches
  4 goblins
  9 hobgoblins
  6 jackals (D:1)
  2 quokkas
  6 frilled lizards
  5 kobolds
  5 rats
89 creatures vanquished.

Notes
Turn   | Place    | Note
-------+----------+-------------------------------------------
     0 | D:1      | cdecastro the Ghoul Fighter began the quest for the Orb.
     0 | D:1      | Reached XP level 1. HP: 19/19 MP: 0/0
    76 | D:1      | Reached XP level 2. HP: 24/26 MP: 1/1
   220 | D:1      | Reached XP level 3. HP: 31/33 MP: 2/2
   238 | D:1      | Reached skill level 4 in Fighting
   660 | D:1      | You fall into a shaft and drop 1 floor!
   712 | D:2      | Reached XP level 4. HP: 13/41 MP: 3/3
  1782 | D:3      | Found a faded altar of an unknown god.
  2549 | D:4      | Reached skill level 5 in Fighting
  2549 | D:4      | Reached XP level 5. HP: 17/48 MP: 4/4
  2672 | D:4      | Noticed a phantom
  2684 | D:4      | Killed a phantom
  2760 | D:4      | Reached skill level 5 in Unarmed Combat
  2760 | D:4      | Reached XP level 6. HP: 47/56 MP: 5/5
  2899 | D:4      | Found a staircase to the Ecumenical Temple.
  2912 | D:4      | Reached skill level 6 in Fighting
  2920 | Temple   | Entered the Ecumenical Temple
  2925 | Temple   | Became a worshipper of Nemelex Xobeh the Trickster
  3434 | D:5      | Entered Level 5 of the Dungeon
  3484 | D:5      | Noticed Eustachio
  3533 | D:4      | Eustachio changed into Eustachio the blink frog
  3533 | D:4      | Noticed Eustachio
  3843 | D:4      | Slain by Eustachio the blink frog

Illustrated notes

Levels and vault maps discovered:
D:1:      roderic_octagonal_star, layout_basic, st_stairs_7
D:2:      layout_basic
D:3:      layout_basic, dreamdust_ecumenical_altar_grove, bh_walls_and_bars
D:4:      layout_loops_ring, minmay_temple_entry_junction
D:5:      layout_cave_pools, uniq_eustachio, uniq_grinder, uniq_sigmund
Temple:   hellmonk_temple_micro_hex

Skill      XL: |  1  2  3  4  5  6 |
---------------+-------------------+-----
Unarmed Combat | 3 4 5 |  5.7
Fighting       | 4 5 6 |  6.3
Armour         | |  2.6
Shields        | |  2.6

Action                     |  1- 3 |  4- 6 || total
---------------------------+-------+-------++-------
  Melee: Unarmed           |   130 |   243 ||   373
  Evoke: Wand              |       |     1 ||     1
 Armour: Scale mail        |    78 |     9 ||    87
         Plate armour      |       |   103 ||   103
  Dodge: Dodged            |    77 |    52 ||   129
  Block: Buckler           |    34 |    62 ||    96
         Reflection        |       |     1 ||     1
